 Dungeon Crawl Stone Soup version 0.18.1-50-g88ac8fd (webtiles) character file.

10166 Peloso the Blocker (level 11, -5/97 HPs)
             Began as a Minotaur Fighter on Oct 1, 2016.
             Was a High Priest of Okawaru.
             Killed from afar by Fannar (35 damage)
             ... with a bolt of cold
             ... on level 1 of the Lair of Beasts.
             The game lasted 00:23:31 (10416 turns).

Peloso the Blocker (Minotaur Fighter)              Turns: 10416, Time: 00:23:32

Health: -5/97      AC: 14    Str: 22    XL:     11   Next: 32%
Magic:  10/10      EV: 11    Int:  5    God:    Okawaru [*****.]
Gold:   621        SH: 13    Dex: 14    Spells: 0 memorised, 10 levels left

rFire  . . .     SeeInvis .     M - +3 falchion (freeze) (curse)
rCold  . . .     Gourm    .     y - +0 chain mail
rNeg   . . .     Faith    .     c - +0 shield
rPois  +         Spirit   .     (helmet restricted)
rElec  .         Dismiss  .     A - +1 cloak
rCorr  .         Reflect  .     (no gloves)
SustAt .         Harm     .     (no boots)
MR     .....                    (no amulet)
Stlth  ..........               J - +2 ring of dexterity
                                p - ring of poison resistance

@: not resistant to hostile enchantments, extremely unstealthy
A: retaliatory headbutt, horns 2
a: Heroism, Finesse, Renounce Religion


You were on level 1 of the Lair of Beasts.
You worshipped Okawaru.
Okawaru was extremely pleased with you.
You were near starving.

You visited 3 branches of the dungeon, and saw 13 of its levels.

You collected 621 gold pieces.

Inventory:

Hand Weapons
 a - a +1 long sword
 q - a +2 whip of flaming
 M - a cursed +3 falchion of freezing (weapon)
Armour
 c - a +0 shield (worn)
 y - a +0 chain mail (worn)
 A - a +1 cloak (worn)
Jewellery
 d - a +3 ring of intelligence
 p - a ring of poison resistance (left hand)
 w - an uncursed ring of sustain attributes
 B - an uncursed ring of protection from fire
 J - a +2 ring of dexterity (right hand)
Wands
 i - a wand of paralysis (13/24)
 I - a wand of random effects (28/48)
 O - a wand of random effects (18/48)
Scrolls
 e - a scroll of recharging
 l - 2 scrolls of identify
 m - 5 scrolls of remove curse
 o - 4 scrolls of enchant armour
 t - 2 scrolls of fear
 L - a scroll of amnesia
Potions
 j - a potion of haste
 k - a potion of brilliance
 v - 5 potions of curing
 x - 2 potions of berserk rage
 F - a potion of heal wounds
 H - a potion of resistance
 N - a potion of invisibility {unknown}
Books
 g - a book of Death

   Spells                             Type                      Level
   a - Corpse Rot                     Necromancy                   2
   b - Sublimation of Blood           Necromancy                   2
   c - Agony                          Necromancy                   5
   d - Dispel Undead                  Necromancy                   5
   e - Excruciating Wounds            Charms/Necromancy            5
   f - Bolt of Draining               Conjuration/Necromancy       5
 K - a book of Cantrips

   Spells                             Type                      Level
   a - Corona                         Hexes                        1
   b - Animate Skeleton               Necromancy                   1
   c - Summon Small Mammal            Summoning                    1
   d - Apportation                    Translocation                1
Comestibles
 f - 9 bread rations
 h - 9 royal jellies
 s - 9 beef jerkies
 u - 7 meat rations


   Skills:
 + Level 9.1 Fighting
 + Level 9.4 Long Blades
 + Level 11.3 Armour
 + Level 7.0 Dodging
 + Level 1.5 Stealth
 + Level 11.5 Shields
 + Level 0.8 Invocations


You had 10 spell levels left.
You didn't know any spells.

Dungeon Overview and Level Annotations

Branches:
Dungeon (10/15)            Temple (1/1) D:6            Lair (2/8) D:8
    Orc (0/2) D:9

Altars:
Cheibriados
Dithmenos
Elyvilon
Fedhas
Gozag
Kikubaaqudgha
Nemelex Xobeh
Okawaru
Pakellas
Qazlal
Ru
Sif Muna
Trog
Vehumet
Xom
Yredelemnul
Zin
The Shining One

Shops:
D:9 =

Annotations:
D:10 Drunkenshrew's ghost, novice DrSk
Lair:1 Fannar


Innate Abilities, Weirdness & Mutations

You reflexively headbutt those who attack you in melee.
You have a pair of horns on your head.


Message History

Fannar is moderately wounded.
Fannar hits you with a quarterstaff of freezing.
Fannar freezes you.
You closely miss Fannar. Your headbutt misses Fannar.
Fannar is moderately wounded.
Fannar hits you with a quarterstaff of freezing.
Fannar freezes you.
Unknown command.
Drink which item? (? for menu, Esc to quit)
You're too hungry to go berserk.
You hit Fannar. Your headbutt misses Fannar.
Fannar is moderately wounded.
Unknown command.
Drink which item? (? for menu, Esc to quit)
Okay, then.
You closely miss Fannar.
Fannar is moderately wounded.
Fannar points at you and mumbles some strange words.
The bolt of cold hits you!
You die...

##..................#
##.#.#.#.#.#.#.#.#.##
#...................#
##.#.#.#.#.#.#.#.#.##
#......>...........#####
#######.#.#.#.#.#.#.#.#..#..#
##.....#.....................##
#.............e...............#
#.............@>.............##
##..........#............÷....#
#...P##....##.....###.........#
##P.##....(##....##.##........#
##.....>...###....#..##........##
###........# #.......###........#
..##.P♣...♣♣###.....## ##......##
...♣♣♣...P.♣.♣♣.....####P......##
...♣P.♣...♣.♣♣.♣♣....#...........


You could see Fannar.

Vanquished Creatures
  Pikel (D:6)
  A deep elf mage (D:8)
  A black mamba (Lair:1)
  Joseph (D:9)
  5 spiny frogs (Lair:1)
  5 blink frogs (Lair:1)
  Prince Ribbit (D:7)
  Sigmund (D:6)
  A yak (Lair:1)
  A hungry ghost (D:9)
  4 hippogriffs
  Edmund (D:6)
  A soldier ant (D:8)
  4 wargs (D:9)
  The ghost of HODOR the Shooter, an amateur KoHu of Ashenzari (D:5)
  Menkaure (D:5)
  2 hell hounds (D:8)
  3 porcupines (Lair:1)
  2 water moccasins
  2 black bears
  An orc warrior (D:8)
  2 ice beasts
  A sky beast (D:9)
  3 wasps (D:8)
  4 phantoms
  A necrophage (D:5)
  3 centaurs
  3 ogres
  A crocodile (Lair:1)
  A big kobold (D:8)
  The ghost of SaintRoka the Ducker, an amateur SpFi (D:4)
  3 giant frogs
  A wyvern skeleton (D:6)
  2 scorpions (D:7)
  3 wights (D:9)
  A howler monkey (D:6)
  2 crimson imps
  A quasit (D:6)
  2 jellies
  2 orc priests
  3 hounds
  5 orc wizards
  Crazy Yiuf (D:4)
  A centaur skeleton (D:8)
  Jessica (D:3)
  5 iguanas
  Natasha (thrice) (D:2)
  5 worker ants
  17 adders
  2 shadow imps (D:9)
  An adder skeleton (D:3)
  A worm (D:3)
  2 dart slugs
  2 giant geckos
  29 orcs
  4 ball pythons
  4 giant cockroaches
  10 goblins
  10 hobgoblins
  4 jackals (D:1)
  2 quokkas
  8 bats
  5 giant newts
  6 kobolds
  2 rats
210 creatures vanquished.

Vanquished Creatures (others)
  A slave (D:6)
  An orc priest (D:6)
  An ogre (D:6)
  A centaur (D:6)
  A hound (D:6)
  An orc wizard (D:6)
  A hound skeleton (D:6)
  An adder (D:6)
  2 orcs (D:6)
  A quokka (D:6)
11 creatures vanquished.

Grand Total: 221 creatures vanquished

Notes
Turn   | Place    | Note
--------------------------------------------------------------
     0 | D:1      | Peloso the Minotaur Fighter began the quest for the Orb.
     0 | D:1      | Reached XP level 1. HP: 19/19 MP: 0/0
   121 | D:1      | Reached XP level 2. HP: 22/27 MP: 1/1
   176 | D:1      | Reached skill level 1 in Dodging
   197 | D:1      | Found a sparkling altar of Nemelex Xobeh.
   549 | D:2      | Reached XP level 3. HP: 25/33 MP: 2/2
   843 | D:2      | Found a faded altar to an unknown god.
   945 | D:2      | Noticed Natasha
   959 | D:2      | Killed Natasha
   959 | D:2      | Reached XP level 4. HP: 21/40 MP: 3/3
   974 | D:2      | Noticed Natasha
   984 | D:2      | Killed Natasha
  1327 | D:2      | Reached XP level 5. HP: 45/46 MP: 4/4
  1332 | D:2      | Noticed Natasha
  1338 | D:2      | Killed Natasha
  1338 | D:2      | Reached skill level 5 in Armour
  1338 | D:2      | Reached skill level 5 in Shields
  1521 | D:3      | Found a shadowy altar of Dithmenos.
  1567 | D:3      | Noticed Jessica
  1589 | D:3      | Killed Jessica
  2093 | D:4      | Noticed Sigmund
  2102 | D:4      | Noticed an ogre
  2113 | D:4      | Killed an ogre
  2113 | D:4      | Reached XP level 6. HP: 53/53 MP: 5/5
  2125 | D:4      | Noticed SaintRoka's ghost (amateur SpFi)
  2140 | D:4      | Killed SaintRoka's ghost
  2154 | D:4      | Reached skill level 5 in Fighting
  2509 | D:4      | Noticed Crazy Yiuf
  2516 | D:4      | Killed Crazy Yiuf
  2516 | D:4      | Reached XP level 7. HP: 49/61 MP: 6/6
  2659 | D:4      | Found an iron altar of Okawaru.
  2673 | D:4      | Became a worshipper of Warmaster Okawaru
  2977 | D:5      | Entered Level 5 of the Dungeon
  2977 | D:5      | Noticed Menkaure
  2983 | D:5      | Killed Menkaure
  3226 | D:5      | You fall through a shaft for 3 floors!
  3243 | D:8      | Reached * piety under Okawaru
  3411 | D:8      | Reached XP level 8. HP: 70/70 MP: 7/7
  3669 | D:8      | Found a staircase to the Lair.
  3689 | D:8      | Reached skill level 5 in Long Blades
  3719 | D:8      | Noticed a deep elf mage
  3724 | D:8      | Noticed a red devil
  3726 | D:8      | Noticed a red devil
  3733 | D:8      | Killed a deep elf mage
  3733 | D:8      | Reached ** piety under Okawaru
  4089 | D:8      | Reached XP level 9. HP: 75/78 MP: 8/8
  4134 | D:8      | Reached skill level 5 in Dodging
  4587 | D:7      | Noticed Prince Ribbit
  4608 | D:7      | Killed Prince Ribbit
  4670 | D:7      | Reached *** piety under Okawaru
  4734 | D:6      | Found a deep blue altar of Sif Muna.
  4734 | D:6      | Found a sparkling altar of Nemelex Xobeh.
  5038 | D:6      | Noticed Edmund
  5048 | D:6      | Killed Edmund
  5070 | D:6      | Found a staircase to the Ecumenical Temple.
  5076 | Temple   | Entered the Ecumenical Temple
  5228 | D:5      | Noticed HODOR's ghost (amateur KoHu)
  5234 | D:5      | Killed HODOR's ghost
  5404 | D:5      | Found a bloodstained altar of Trog.
  5488 | D:5      | Found a blossoming altar of Fedhas.
  5615 | D:6      | Noticed Pikel
  5637 | D:6      | Killed Pikel
  5637 | D:6      | Reached XP level 10. HP: 41/86 MP: 9/9
  5642 | D:6      | Killed Sigmund
  5642 | D:6      | Reached **** piety under Okawaru
  5642 | D:6      | Reached skill level 10 in Shields
  6343 | D:6      | Reached skill level 1 in Stealth
  6623 | D:9      | Found a staircase to the Orcish Mines.
  7024 | D:9      | Noticed Joseph
  7045 | D:9      | Killed Joseph
  7103 | D:9      | Found a shadowy altar of Dithmenos.
  7281 | D:9      | Found Gegastosk's Jewellery Shoppe.
  7385 | D:9      | Found a radiant altar of Vehumet.
  7515 | D:10     | Entered Level 10 of the Dungeon
  7526 | D:10     | Reached skill level 10 in Armour
  7532 | D:10     | Reached ***** piety under Okawaru
  7637 | D:10     | Noticed Drunkenshrew's ghost (novice DrSk)
  8526 | Lair:1   | Entered Level 1 of the Lair of Beasts
  8631 | Lair:1   | Noticed a black mamba
  8642 | Lair:1   | Killed a black mamba
  8830 | Lair:1   | Reached XP level 11. HP: 66/95 MP: 10/10
 10124 | Lair:2   | Noticed Fannar
 10416 | Lair:1   | Killed from afar by Fannar

Skill      XL: |  1  2  3  4  5  6  7  8  9 10 11 |
---------------+----------------------------------+-----
Shields        | 4 5 6 8 9 11 | 11.5
Dodging        | 1 2 3 4 5 6 7 |  7.0
Fighting       | 4 5 6 7 8 9 |  9.1
Armour         | 4 5 6 7 8 9 10 11 | 11.3
Long Blades    | 3 4 6 7 9 |  9.4
Stealth        | 1 |  1.5
Invocations    | |  0.8

Action                   |  1- 3 |  4- 6 |  7- 9 | 10-12 || total
-------------------------+-------+-------+-------+-------++-------
Melee: Long sword        |    92 |   132 |   383 |   157 ||   764
       Headbutt          |     4 |    23 |    76 |    81 ||   184
       Falchion          |       |       |       |   236 ||   236
Invok: Heroism           |       |       |       |     7 ||     7
  Use: Scroll            |       |       |     9 |    13 ||    22
       Potion            |       |       |     1 |     2 ||     3
 Stab: Distracted        |       |       |       |     1 ||     1
  Eat: Chunk             |       |     6 |     9 |    12 ||    27
       Pizza             |       |       |     1 |     2 ||     3
Armor: Scale mail        |    46 |    42 |       |       ||    88
       Chain mail        |       |     1 |   175 |   104 ||   280
Dodge: Dodged            |    33 |    39 |   127 |   113 ||   312
Block: Shield            |    60 |    55 |   227 |   198 ||   540
